 Dungeon Crawl Stone Soup version 0.22-a0-799-g88f5e907b7 (webtiles) character file.

65 Holzbalken the Cudgeler (level 4, -2/28 HPs)
             Began as a Gargoyle Monk on July 21, 2018.
             Slain by Htamos's ghost (10 damage)
             ... on level 3 of the Dungeon.
             The game lasted 00:05:59 (1750 turns).

Holzbalken the Cudgeler (Gargoyle Monk)             Turns: 1750, Time: 00:05:59

Health: -2/28      AC:  5    Str: 16    XL:     4   Next: 13%
Magic:  4/4        EV: 12    Int: 10    God:
Gold:   103        SH:  0    Dex: 12    Spells: 3/3 levels left

rFire    . . .     SeeInvis .   a - +0 mace
rCold    . . .     Gourm    .   (no shield)
rNeg     + . .     Faith    .   b - +0 robe
rPois    ∞         Spirit   .   (no helmet)
rElec    +         Reflect  .   (no cloak)
rCorr    .         Harm     .   (no gloves)
MR       .....                  (no boots)
Stlth    ++........             (no amulet)
HPRegen  0.09/turn              (no ring)
MPRegen  0.09/turn              (no ring)

@: no status effects
A: negative energy resistance 1, electricity resistance, unbreathing,
petrification resistance, rot immunity, AC +3
a: no special abilities


You were on level 3 of the Dungeon.
You were not hungry.

You visited 1 branch of the dungeon, and saw 3 of its levels.

You collected 103 gold pieces.

Inventory:

Hand Weapons
 a - a +0 mace (weapon)
Armour
 b - a +0 robe (worn)
Jewellery
 f - an uncursed amulet of the gourmand {unknown}
Scrolls
 e - 3 scrolls of identify {unknown}
 h - a scroll of enchant weapon {unknown}
 i - a scroll of blinking {unknown}
 j - a scroll of remove curse {unknown}
Potions
 d - a potion of invisibility {unknown}
Comestibles
 c - 6 rations
 g - 3 chunks of flesh


   Skills:
 - Level 3.2 Fighting
 + Level 4.9 Maces & Flails
 - Level 2.4 Dodging
 - Level 2.1 Stealth


You had 3 spell levels left.
You didn't know any spells.
Your spell library was empty.

Dungeon Overview and Level Annotations

Branches:
Dungeon (3/15)

Altars:
Hepliaklqana

Annotations:
D:3 Htamos's ghost, amateur FeMo


Innate Abilities, Weirdness & Mutations

You are resistant to torment.
Your stone body is resilient. (AC +3)
You are immune to poison.
You resist negative energy. (rN+)
You are resistant to electric shocks. (rElec)
You can survive without breathing.
You are immune to petrification.
You are immune to rotting.


Message History

Found a ration.
Htamos's ghost turns its malevolent gaze towards you.
Press: ? - help, v - describe, . - travel The floor.
You open the large door. You closely miss Htamos's ghost.
Htamos's ghost hits you.
You barely miss Htamos's ghost. Htamos's ghost hits you.
You barely miss Htamos's ghost. Htamos's ghost barely misses you.
You closely miss Htamos's ghost. Htamos's ghost hits you!
You hit Htamos's ghost.
Htamos's ghost is lightly damaged.
Htamos's ghost misses you. Htamos's ghost hits you.
* * * LOW HITPOINT WARNING * * *
You closely miss Htamos's ghost.
Htamos's ghost is lightly damaged.
Htamos's ghost barely misses you.
You miss Htamos's ghost.
Htamos's ghost is lightly damaged.
Htamos's ghost hits you!
You die...

##....#
###<....## ###
#.........#
##..###.###.#.#.#
#≈#≈.#..# .# ..
##≈.⌠.#..# # #
#≈%...'..#
##.^#.W..#
#≈^...#@##
###≈..#.#
#.##.### # ##


You could see Htamos's ghost.

Vanquished Creatures
  3 adders (D:2)
  A worm (D:2)
  A dart slug (D:2)
  A leopard gecko (D:2)
  3 bats
  2 giant cockroaches (D:1)
  5 goblins
  2 hobgoblins (D:1)
  2 jackals (D:2)
  2 frilled lizards
  5 kobolds
  4 rats
31 creatures vanquished.

Notes
Turn   | Place    | Note
-------+----------+-------------------------------------------
     0 | D:1      | Holzbalken the Gargoyle Monk began the quest for the Orb.
     0 | D:1      | Reached XP level 1. HP: 14/14 MP: 1/1
   217 | D:1      | Reached XP level 2. HP: 19/19 MP: 2/2
   833 | D:2      | Found a hazy altar of Hepliaklqana.
   896 | D:2      | Reached skill level 4 in Maces & Flails
   990 | D:2      | Reached XP level 3. HP: 23/23 MP: 3/3
  1508 | D:2      | Reached XP level 4. HP: 15/28 MP: 4/4
  1732 | D:3      | Found a large runed door.
  1732 | D:3      | Found a large runed door.
  1734 | D:3      | Noticed Htamos's ghost (amateur FeMo)
  1750 | D:3      | Slain by Htamos's ghost

Vault maps used:
D:1:      arrival_zaba_pyramid, minivault_14
D:2:      nicolae_overflow_crystal_walls
D:3:      ebering_ghost_disaster_area

Skill      XL: |  1  2 |
---------------+-------+-----
Maces & Flails | 4 |  4.9
Fighting       | |  3.2
Dodging        | |  2.4
Stealth        | |  2.1

Action                   |  1- 3 |  4- 6 || total
-------------------------+-------+-------++-------
Melee: Mace              |   103 |    13 ||   116
 Stab: Sleeping          |     1 |     1 ||     2
  Eat: Chunk             |     2 |     1 ||     3
Armor: Robe              |    34 |       ||    34
Dodge: Dodged            |    84 |     5 ||    89

Table legend:
 A = Spawn XP
 B = Non-spawn XP
 C = Spawn XP percentage of total XP
 D = Spawn monster count
 E = Non-spawn monster count
 F = Spawn count percentage of total count
 G = Total turns spent on level
                    A         B        C        D         E        F      G
               +---------+---------+-------+---------+---------+-------+---------
         Total |       0 |      93 |   0.0 |       0 |      31 |   0.0 |  1750
               +---------+---------+-------+---------+---------+-------+---------
           D:1 |       0 |      25 |   0.0 |       0 |      15 |   0.0 |   811
           D:2 |       0 |      67 |   0.0 |       0 |      15 |   0.0 |   921
           D:3 |       0 |       1 |   0.0 |       0 |       1 |   0.0 |    18
               +---------+---------+-------+---------+---------+-------+---------
